AoeStats
← albanplumed

Nomad

507150357Analyzed
4v4 RM · 15d ago on Sep 16, 2026· 46m 29s· 8 players
Game mode
Random Map
Map size
231×231
Population
200
Speed
Normal
Resources
Standard
Victory
Conquest
Starting age
Dark Age
Ending age
Imperial Age
RankedLock teamsTeams togetherTeam positionsShared explorationLock speedFull tech treeHidden civsTurbo modeCheats
Victory
Defeat
🇹🇷 Persians · Türkiye
1420
+16
🇹🇷 Spanish · Türkiye
1387
+17
🇹🇷 Vietnamese · Türkiye
1296
+21
🇹🇷 Berbers · Türkiye
1275
+21
🇨🇴 Koreans · Colombia
1412
-19
🇲🇽 Dravidians · Mexico
1409
-19
🇳🇿 Italians · New Zealand
1403
-19
🇸🇪 Franks · Sweden
1389
-18
Nobody
4:42 Loom
12:46 Feudal Age
17:51 Wheelbarrow
17:13 Town Watch
18:06 Fletching
21:29 Castle Age
20:15 Stone Mining
20:42 Double-Bit Axe
22:50 Bow Saw
25:08 Horse Collar
29:02 Scale Mail Armor
31:46 Forging
34:07 Iron Casting
34:43 Chain Mail Armor
37:41 Thumb Ring
41:37 Bodkin Arrow
42:57 Padded Archer Armor
Jardel
10:34 Loom
12:46 Feudal Age
14:43 Double-Bit Axe
20:26 Scale Barding Armor
23:16 Castle Age
24:30 Scale Barding Armor
25:20 Fletching
33:29 Husbandry
36:35 Forging
38:08 Gold Mining
38:56 Chain Barding Armor
39:39 Bodkin Arrow
42:06 Wheelbarrow
[ESTG] TheDementor
4:45 Loom
13:02 Feudal Age
14:06 Gold Mining
14:29 Town Watch
17:21 Forging
19:48 Double-Bit Axe
24:36 Castle Age
23:29 Fishing Lines
25:43 Medium Warships
26:20 Iron Casting
26:28 Bow Saw
31:56 Fletching
32:48 Bodkin Arrow
35:40 Scale Mail Armor
36:24 Wheelbarrow
39:18 Imperial Age
37:07 Chain Mail Armor
37:34 Gold Shaft Mining
36:50 Stone Mining
39:47 Ballistics
41:17 Plate Mail Armor
41:10 Conscription
40:53 Eupseong
41:10 Squires
40:58 Arson
42:36 Capped Ram
45:58 Chemistry
45:09 Masonry
45:56 Elite Fire Lancer
Not Ben
3:49 Loom
13:16 Feudal Age
14:41 Double-Bit Axe
18:47 Castle Age
18:18 Stone Mining
18:19 Gold Mining
18:39 Fletching
19:43 Medium Warships
20:11 Wheelbarrow
20:44 Bodkin Arrow
35:28 Fishing Lines
37:08 Gillnets
37:17 Gillnets
37:46 Bow Saw
38:12 Horse Collar
41:39 Imperial Age
39:24 Bloodlines
39:14 Husbandry
39:40 Heavy Plow
40:06 Husbandry
42:16 Forging
44:14 Chemistry
ysk
5:02 Loom
13:47 Feudal Age
16:09 Town Watch
18:55 Castle Age
17:04 Town Watch
21:31 Fletching
25:09 Padded Archer Armor
29:58 Gold Mining
31:12 Horse Collar
36:55 Stone Mining
42:22 Imperial Age
44:31 Bodkin Arrow
44:52 Leather Archer Armor
44:38 Double-Bit Axe
44:55 Elite Rattan Archer
45:43 Bracer
Sem
4:49 Loom
12:56 Feudal Age
16:52 Castle Age
15:36 Town Watch
28:44 Padded Archer Armor
30:52 Leather Archer Armor
34:31 Double-Bit Axe
40:39 Imperial Age
39:01 Gold Mining
42:23 Ring Archer Armor
44:48 Elite Conquistador
OsmanAbi
5:35 Loom
11:43 Feudal Age
14:42 Double-Bit Axe
22:09 Castle Age
20:35 Fishing Lines
22:54 Medium Warships
22:35 Gillnets
23:46 Bow Saw
26:31 Wheelbarrow
25:43 Town Watch
29:11 Forging
30:37 Iron Casting
32:59 Gold Mining
37:27 Imperial Age
36:52 Husbandry
37:02 Bloodlines
36:59 Scale Barding Armor
38:43 Blast Furnace
38:10 Heavy Warships
38:25 Chain Barding Armor
37:28 Cavalier
38:46 Hand Cart
40:20 Savar
41:38 Clinker Construction
41:39 Careening
42:30 Plate Barding Armor
46:14 Gold Shaft Mining
albanplumed
4:54 Loom
13:45 Feudal Age
17:51 Forging
21:23 Double-Bit Axe
23:51 Castle Age
23:20 Double-Bit Axe
23:42 Horse Collar
23:59 Town Watch
28:58 Scale Barding Armor
29:03 Heavy Plow
29:50 Fletching
31:37 Wheelbarrow
31:20 Bloodlines
31:11 Husbandry
31:49 Padded Archer Armor
39:04 Ballistics
39:58 Bodkin Arrow
40:19 Leather Archer Armor
41:24 Hand Cart
41:51 Masonry
47:52 Imperial Age
46:05 Town Patrol
46:44 Gold Mining
Connection lost

Rejoining the realm…

Still unreachable

The connection could not be restored.

Session expired

The server has moved on; the page needs a fresh start.